 Dungeon Crawl Stone Soup version 0.25-a0-591-g2ad0d861f1 (webtiles) character file.

Game seed: 15247451530435828134, levelgen mode: deterministic

3290 n0claF the Summoner (level 9, -3/46 HPs)
             Began as a Deep Elf Summoner on Mar 13, 2020.
             Was a Believer of Hepliaklqana.
             Hit by a large rock thrown by a cyclops (48 damage)
             ... on level 10 of the Dungeon.
             The game lasted 00:41:00 (10757 turns).

n0claF the Summoner (Deep Elf Summoner)            Turns: 10757, Time: 00:41:01

Health: -3/46      AC:  4    Str:  3    XL:     9   Next: 69%
Magic:  2/25       EV: 16    Int: 29    God:    Hepliaklqana [**....]
Gold:   316        SH:  4    Dex: 15    Spells: 14/28 levels left

rFire    . . .     SeeInvis .   y - +2 halberd (freeze)
rCold    . . .     Gourm    .   (shield currently unavailable)
rNeg     . . .     Faith    .   H - +1 robe {MR+}
rPois    +         Spirit   .   (no helmet)
rElec    .         Reflect  +   (no cloak)
rCorr    .         Harm     .   (no gloves)
MR       +....                  D - +0 pair of boots
Stlth    +++.......             p - +4 amulet of reflection
HPRegen  0.15/turn              t - ring "Vaanoaj" {rPois Str-2 Int+5 Stlth+}
MPRegen  0.19/turn              (no ring)

@: no status effects
A: reduced essence
a: Recall Ancestor, Ancestor Identity, Renounce Religion


You were on level 10 of the Dungeon.
You worshipped Hepliaklqana.
Hepliaklqana was pleased with you.
You were not hungry.

You visited 2 branches of the dungeon, and saw 11 of its levels.

You collected 485 gold pieces.
You spent 169 gold pieces at shops.

Inventory:

Hand Weapons
 f - a +0 trident of venom
   (You took it off an orc on level 4 of the Dungeon)
 w - a +4 whip
   (You took it off an orc on level 5 of the Dungeon)
 y - a +2 halberd of freezing (weapon)
   (You took it off a wight on level 6 of the Dungeon)
Armour
 a - a +0 buckler
   (You found it on level 7 of the Dungeon)
 u - a +1 robe of fire resistance
   (You found it on level 5 of the Dungeon)
 D - a +0 pair of boots (worn)
   (You found it on level 7 of the Dungeon)
 H - a +1 robe of magic resistance (worn)
   (You bought it in a shop on level 9 of the Dungeon)
Jewellery
 p - a +4 amulet of reflection (around neck)
   (You found it on level 2 of the Dungeon)
 t - the ring "Vaanoaj" (left hand) {rPois Str-2 Int+5 Stlth+}
   (You acquired it on level 4 of the Dungeon)

   [ring of stealth]

   It affects your strength (-2).
   It affects your intelligence (+5).
   It protects you from poison.
   It makes you more stealthy.
Wands
 c - a wand of disintegration (26) {!d}
   (You found it on level 2 of the Dungeon)
 v - a wand of digging (5)
   (You found it on level 7 of the Dungeon)
 x - a wand of acid (8)
   (You found it on level 9 of the Dungeon)
 E - a wand of enslavement (18)
   (You found it on level 6 of the Dungeon)
Scrolls
 i - 5 scrolls of teleportation {@r4}
 k - 2 scrolls of enchant weapon {unknown}
 m - 3 scrolls of magic mapping
 o - 3 scrolls of remove curse {@r2}
 q - 3 scrolls of identify {@r1}
 B - 2 scrolls of fear
 C - 2 scrolls of immolation {unknown}
 G - a scroll of blinking {unknown}
 J - 3 scrolls of summoning {unknown}
Potions
 b - 2 potions of mutation {!q}
 d - 6 potions of curing {@q1}
 g - 3 potions of haste {@q3}
 h - 2 potions of resistance {unknown}
 j - 4 potions of flight
 l - 2 potions of stabbing {unknown}
 n - 2 potions of brilliance
 r - 2 potions of cancellation {unknown}
 s - 3 potions of degeneration {!q!d}
 z - a potion of lignification {unknown}
 A - 2 potions of heal wounds {unknown}
 F - a potion of berserk rage {unknown}
Comestibles
 e - 13 rations {!d}
 I - 8 chunks of flesh


   Skills:
 + Level 3.7 Fighting
 + Level 6.3 Dodging
 - Level 2.4 Stealth
 + Level 10.4 Spellcasting
 * Level 10.8 Summonings


You had 14 spell levels left.
You knew the following spells:

 Your Spells              Type           Power        Failure   Level  Hunger
a - Summon Small Mammal   Summ           ####         1%          1    None
b - Call Canine Familiar  Summ           ######..     1%          3    None
c - Call Imp              Summ           ######..     1%          2    None
d - Summon Ice Beast      Ice/Summ       #####...     3%          4    None
z - Summon Lightning Spi  Summ/Air       #####...     3%          4    None

Your spell library contained the following spells:

 Spells                   Type           Power        Failure   Level  Hunger
 Summon Butterflies       Summ           ######..     1%          1    None
 Summon Guardian Golem    Hex/Summ       #####...     1%          3    None
 Apportation              Tloc           ###...       3%          1    None
 Magic Dart               Conj           ###.         3%          1    None
 Blink                    Tloc           N/A          5%          2    None
 Searing Ray              Conj           ###...       5%          2    None
 Slow                     Hex            ###.....     5%          2    None
 Conjure Flame            Conj/Fire      ###.....     11%         3    None
 Dazzling Flash           Conj/Hex       ###...       11%         3    None
 Lesser Beckoning         Tloc           ###.......   11%         3    None
 Mephitic Cloud           Conj/Pois/Air  ###.....     11%         3    None
 Tukima's Dance           Hex            ###.....     11%         3    None
 Fulminant Prism          Conj/Hex       ###.......   34%         4    None
 Iskenderun's Mystic Bla  Conj/Tloc      ###.....     34%         4    None
 Alistair's Intoxication  Tmut/Pois      ###.....     69%         5    ###....
 Invisibility             Hex            ###.....     99%         6    #####..


Dungeon Overview and Level Annotations

Branches:
Dungeon (10/15)            Temple (1/1) D:4
   Lair: D:8-11         Orc: D:9-12

Altars:
Ashenzari
Cheibriados
Dithmenos
Elyvilon
Fedhas
Gozag
Hepliaklqana
Kikubaaqudgha
Makhleb
Nemelex Xobeh
Okawaru
Qazlal
Ru
Sif Muna
Trog
Uskayaw
Vehumet
Wu Jian
Xom
Yredelemnul
Zin
The Shining One

Shops:
D:4 ?   D:9 [


Message History

The bullfrog hits your warg.
Your warg barely misses the bullfrog.
The bullfrog closely misses your warg.
Your warg completely misses the bullfrog.
The bullfrog hits your warg.
Your warg bites the bullfrog!
The bullfrog dies!
Out of range.
That is beyond the maximum range.
Okay, then.
What are your orders? t - Shout!
Orders for allies: a - Attack new target. r - Retreat! s - Stop attacking. g - Guard the area. f - Follow me.
Anything else - Cancel.
Gang up on whom?
Aim: a jelly Attack!
The jelly hits your warg but does no damage.
What are your orders? t - Shout!
Orders for allies: a - Attack new target. p - Attack previous target. r - Retreat! s - Stop attacking. g - Guard the area. f - Follow me.
Anything else - Cancel.
Okay, then.
An electric hum fills the air.
Your warg bites the jelly.
Your warg is burned by acid!
The jelly hits your warg.
Your warg is splashed with acid.
The acid corrodes your warg!
Your warg dies!
Your warg's corpse disappears in a puff of smoke!
The jelly completely misses your lightning spire.
Your lightning spire shoots out a bolt of lightning at the jelly!
The bolt of electricity hits the jelly.
The bolt of electricity hits the orc!
The orc dies!
The bolt of electricity hits the cyclops!
The bolt of electricity hits the cyclops.
The bolt of electricity hits the jelly!
The jelly dies!
The cyclops throws a large rock.
The large rock hits your lightning spire!
The cyclops throws a large rock.
The large rock hits your lightning spire!!
Your lightning spire is destroyed!
The cyclops throws a large rock.
The large rock closely misses you.
There is a stone staircase leading up here.
You see here a +0 club.
The cyclops throws a large rock.
The large rock hits you!!!
Ouch! That really hurt!
You die...

######### ############
........ ..##........
#.....####.##.# #......
..##.# #########
#.....#
#.##.###.......#
#.....####.#...##.#####
###......@...)(.C.(C†.#
#.######)....##.###[#
#. #..#.###.# #.# #
#....# #.# #T# # ##.###
#.# #(#H## #(# #.#


#FCZ.F #.#####.# #oJ.## #.......# #...# ######### #...# You could see a cyclops.

Vanquished Creatures
  3 yaks (D:9)
  A black bear (D:7)
  A wight (D:6)
  2 howler monkeys (D:5)
  A crimson imp (D:5)
  A hound (D:6)
  3 worker ants
  2 adders
  3 orcs
  A bat (D:5)
  A giant cockroach (D:5)
  2 goblins (D:6)
  A ball python (D:7)
  A frilled lizard (D:5)
23 creatures vanquished.

Vanquished Creatures (collateral kills)
  2 trolls
  A spriggan (D:7)
  3 yaks (D:9)
  An ice beast (D:10)
  3 phantoms
  3 sky beasts
  3 centaurs
  2 ogres
  A crocodile (D:8)
  5 bullfrogs
  5 scorpions
  4 wights (D:6)
  6 howler monkeys
  A centaur zombie (D:6)
  A bullfrog zombie (D:5)
  4 crimson imps
  3 jellies
  2 hounds
  5 orc wizards
  A bullfrog skeleton (D:10)
  3 orc priests
  8 worker ants
  A hound zombie (D:7)
  2 hound skeletons (D:7)
  A worker ant zombie (D:5)
  8 gnolls
  7 adders
  2 oozes (D:1)
  An adder skeleton (D:5)
  2 dart slugs
  5 leopard geckos
  38 orcs
  3 bats
  4 giant cockroaches
  7 goblins
  5 hobgoblins
  4 kobolds
  3 quokkas
  2 ball pythons
  4 frilled lizards
  A leopard gecko zombie (D:7)
  5 rats
172 creatures vanquished.

Vanquished Creatures (others)
  2 battlemagi (D:9)
  2 ancestors
4 creatures vanquished.

Grand Total: 199 creatures vanquished

Notes
Turn   | Place    | Note
-------+----------+-------------------------------------------
     0 | D:1      | n0claF the Deep Elf Summoner began the quest for the Orb.
     0 | D:1      | Reached XP level 1. HP: 10/10 MP: 6/6
   205 | D:1      | Reached XP level 2. HP: 15/15 MP: 3/8
   951 | D:2      | Found a basalt altar of Yredelemnul.
   971 | D:2      | Reached skill level 5 in Summonings
   984 | D:2      | Reached XP level 3. HP: 19/19 MP: 5/10
  1280 | D:2      | Learned a level 3 spell: Call Canine Familiar
  1283 | D:2      | Learned a level 2 spell: Call Imp
  2689 | D:3      | Reached XP level 4. HP: 24/24 MP: 7/12
  2859 | D:3      | You fall into a shaft and drop 2 floors!
  2859 | D:5      | Entered Level 5 of the Dungeon
  3008 | D:5      | Reached skill level 5 in Spellcasting
  3112 | D:5      | Reached XP level 5. HP: 28/28 MP: 7/14
  3306 | D:5      | Found a shimmering altar of Xom.
  3440 | D:5      | Learned a level 4 spell: Summon Ice Beast
  3504 | D:5      | Found a sacrificial altar of Ru.
  3627 | D:5      | Found a shattered altar of Ashenzari.
  3778 | D:4      | Noticed an ogre
  3790 | D:4      | Killed an ogre
  3819 | D:4      | Identified a scroll of acquirement
  3819 | D:4      | Identified the ring "Vaanoaj" {rPois Str-2 Int+5 Stlth+}
                  | (You acquired it on level 4 of the Dungeon)
  3841 | D:4      | Reached XP level 6. HP: 24/32 MP: 13/17
  4220 | D:4      | Found a staircase to the Ecumenical Temple.
  4241 | Temple   | Entered the Ecumenical Temple
  4432 | Temple   | Became a worshipper of Hepliaklqana the Forgotten
  5006 | D:4      | Found Degyvad's Magic Scroll Boutique.
  5030 | D:4      | Bought a scroll of magic mapping for 42 gold pieces
  5295 | D:5      | Reached * piety under Hepliaklqana
  5407 | D:5      | Reached XP level 7. HP: 21/32 MP: 14/20
  6220 | D:6      | Reached skill level 1 in Fighting
  6220 | D:6      | Reached XP level 8. HP: 15/38 MP: 22/22
  6822 | D:6      | Found an iron altar of Okawaru.
  7156 | D:7      | Found a shimmering blue altar of Sif Muna.
  7327 | D:7      | Reached ** piety under Hepliaklqana
  7450 | D:7      | Found an opulent altar of Gozag.
  7483 | D:7      | Lost strength.
  8289 | D:7      | Found a blossoming altar of Fedhas.
  8610 | D:7      | Remembered your ancestor Uncle Deckard as a battlemage
  8739 | D:8      | Learned a level 4 spell: Summon Lightning Spire
  9618 | D:8      | Found a shadowy altar of Dithmenos.
 10035 | D:9      | Reached skill level 5 in Dodging
 10035 | D:9      | Reached XP level 9. HP: 44/44 MP: 3/24
 10187 | D:9      | Reached skill level 10 in Summonings
 10196 | D:9      | Reached skill level 10 in Spellcasting
 10372 | D:9      | Found Noruon's Armour Emporium.
 10401 | D:9      | Bought a +1 robe of magic resistance for 127 gold pieces
 10428 | D:9      | Found a snail-covered altar of Cheibriados.
 10515 | D:9      | Noticed a troll
 10528 | D:9      | Killed a troll
 10636 | D:10     | Entered Level 10 of the Dungeon
 10712 | D:10     | Noticed a troll
 10717 | D:10     | Noticed a cyclops
 10732 | D:10     | Killed a troll
 10757 | D:10     | Hit by a large rock thrown by a cyclops

Levels and vault maps discovered:
D:1:      dpeg_arrival_shrine, layout_basic, minivault_24, minmay_heptomino_h4
D:2:      layout_basic, chequers_serial_rivers_micro_b,
          yredelemnul_altar_generic
D:3:      layout_basic, first_ration, amethyst_killhole
D:4:      layout_basic, temple_pool_b, serial_shops, nicolae_shop_waterfront
D:5:      kennysheep_windowed_halls, layout_cave_pools, kennysheep_mini_moat,
          xom_teletrap_fun, nicolae_ru_great_annihilating_truth
D:6:      layout_loops_ring, kennysheep_okawaru_gauntlet,
          kennysheep_generic_room_5
D:7:      layout_basic, grunt_gozag_statues, lemuel_doored_altar, basic_altar,
          the_bakery
D:8:      layout_loops_ring, grunt_dithmenos_shadows
D:9:      layout_rooms, basic_altar, serial_shops, shop_fountains
D:10:     cheibrodos_orc_bank, layout_loops_ring, erik_lair_orcish_takeover,
          ebering_ghost_gozag, dk_noncrumbling_4
Temple:   regret_index_temple_generic_petals

Skill      XL: |  1  2  3  4  5  6  7  8  9 |
---------------+----------------------------+-----
Spellcasting   | 4 5 6 7 8 9 10 | 10.4
Summonings     | 5 6 7 8 9 10 | 10.8
Dodging        | 3 5 6 |  6.3
Fighting       | 1 2 3 |  3.7
Stealth        | |  2.4

Action                   |  1- 3 |  4- 6 |  7- 9 || total
-------------------------+-------+-------+-------++-------
Melee: Dagger            |     3 |       |       ||     3
       Spear             |       |     2 |       ||     2
       Whip              |       |    10 |       ||    10
       Trident           |       |    29 |    13 ||    42
       Halberd           |       |       |    78 ||    78
 Cast: Summon Small Mamm |    68 |       |       ||    68
       Call Imp          |    14 |    18 |     6 ||    38
       Call Canine Famil |     8 |    17 |    33 ||    58
       Summon Ice Beast  |       |     8 |    48 ||    56
       Summon Lightning  |       |       |     7 ||     7
Invok: Ancestor Identity |       |     1 |       ||     1
       Ancestor Life: Ba |       |       |     1 ||     1
       Recall Ancestor   |       |       |     1 ||     1
  Use: Scroll            |       |    12 |     3 ||    15
       Potion            |       |       |     1 ||     1
 Stab: Invisible         |       |     1 |       ||     1
       Sleeping          |       |     3 |     8 ||    11
       Distracted        |       |       |     2 ||     2
  Eat: Chunk             |     3 |     9 |    13 ||    25
       Ration            |     1 |       |     2 ||     3
Armor: Robe              |     5 |     6 |    12 ||    23
Dodge: Dodged            |    33 |    27 |    52 ||   112
Block: Other             |       |     1 |    21 ||    22

Table legend:
 A = Non-vault XP
 B = Vault XP
 C = Vault XP percentage of total XP
 D = Non-vault monster count
 E = Vault monster count
 F = Vault count percentage of total count
                 A         B        C        D         E       F
            +---------+---------+-------+---------+---------+-------
      Total |    4014 |     687 |  14.6 |     165 |      30 |  15.4
            +---------+---------+-------+---------+---------+-------
        D:1 |      19 |       5 |  20.8 |      13 |       4 |  23.5
        D:2 |      32 |       0 |   0.0 |      13 |       0 |   0.0
        D:3 |      63 |       0 |   0.0 |      21 |       0 |   0.0
        D:4 |     243 |       0 |   0.0 |      21 |       0 |   0.0
        D:5 |     106 |     428 |  80.1 |       9 |      21 |  70.0
        D:6 |     825 |       6 |   0.7 |      26 |       3 |  10.3
        D:7 |     569 |     167 |  22.7 |      21 |       1 |   4.5
        D:8 |     181 |      81 |  30.9 |       9 |       1 |  10.0
        D:9 |    1566 |       0 |   0.0 |      19 |       0 |   0.0
       D:10 |     410 |       0 |   0.0 |      13 |       0 |   0.0
            +---------+---------+-------+---------+---------+-------
